 Dungeon Crawl Stone Soup version 0.31-a0-716-gc7603755dd (webtiles) character file.

Game seed: 15048228550709167021

3378 Joey1 the Cleaver (level 9, -4/82 HPs)
             Began as a Minotaur Berserker on Sept 10, 2023.
             Was an Elder of Trog.
             Killed from afar by an electric eel (8 damage)
             ... with a bolt of electricity
             ... on level 8 of the Dungeon.
             The game lasted 00:20:15 (7060 turns).

Joey1 the Cleaver (Minotaur Berserker)              Turns: 7060, Time: 00:20:16

Health: -4/82      AC: 12    Str: 25    XL:     9   Next: 74%
Magic:  8/8        EV: 13    Int:  6    God:    Trog [****..]
Gold:   282        SH:  5    Dex: 17    Spells: 8/8 levels left

rFire   . . .        I - +4 hand axe
rCold   . . .        (no shield)
rNeg    . . .        s - +5 ring mail "Nita Tui" {Rampage rPois Int+2}
rPois   +            (helmet restricted)
rElec   .            v - +0 cloak
rCorr   .            p - +0 pair of gloves
SInv    .            (no boots)
Will    .....        x - amulet of reflection
Stlth   +            j - +6 ring of dexterity
HPRegen 0.33/turn    (no ring)
MPRegen 0.11/turn

%: reflection, rampage
@: no status effects
A: horns 2, retaliatory headbutt
a: Renounce Religion, Berserk, Trog's Hand, Brothers in Arms


You were on level 8 of the Dungeon.
You worshipped Trog.
Trog was greatly pleased with you.
You visited 1 branch of the dungeon, and saw 8 of its levels.

You collected 575 gold pieces.
You spent 293 gold pieces at shops.

Inventory:

Hand Weapons
 a - a +0 hand axe
 o - a +0 war axe
 A - a +0 mace
 C - a +2 heavy flail
 G - a +1 spear of venom
 I - a +4 hand axe (weapon)
Missiles
 E - 3 poisoned darts
 H - 6 javelins
Armour
 g - a +1 leather armour of fire resistance
 h - a scarf of shadows
 p - a +0 pair of gloves (worn)
 s - the +5 ring mail "Nita Tui" (worn) {Rampage rPois Int+2}
   (You found it on level 4 of the Dungeon)

   Int+2:     It affects your intelligence (+2).
   rPois:     It protects you from poison Rampage: It bestows one free step when
   moving towards enemies.
 u - the +0 hat of the Other Side {rPois Str+2 Int-4}
   (You bought it in a shop on level 2 of the Dungeon)

   Str+2:     It affects your strength (+2).
   Int-4:     It affects your intelligence (-4).
   rPois:     It protects you from poison
 v - a +0 cloak (worn)
Jewellery
 j - a +6 ring of dexterity (left hand)
 x - an amulet of reflection (around neck)
Wands
 b - a wand of polymorph (6)
 J - a wand of digging (3)
Scrolls
 c - a scroll of immolation {unknown}
 e - 2 scrolls of revelation
 i - a scroll of brand weapon
 k - a scroll of amnesia
 n - a scroll of enchant weapon
 q - 2 scrolls of poison
 r - a scroll of torment {unknown}
 t - 3 scrolls of teleportation
 w - a scroll of fog {unknown}
 y - a scroll of vulnerability {unknown}
 F - a scroll of enchant armour
Potions
 d - a potion of brilliance
 f - a potion of berserk rage
 l - a potion of enlightenment
 m - a potion of attraction
 z - a potion of resistance {unknown}
 B - 2 potions of heal wounds {unknown}
 D - a potion of haste {unknown}


   Skills:
 + Level 8.6 Fighting
 - Level 14.0 Axes
 - Level 3.0 Armour
 - Level 5.0 Dodging


You had 8 spell levels left.
You didn't know any spells.
Your spell library was empty.

Dungeon Overview and Level Annotations

Branches:
Dungeon (8/15)             Temple (0/1) D:4            Lair (0/5) D:8

Altars:
Dithmenos
Kikubaaqudgha
Nemelex Xobeh
Ru
Sif Muna
Zin
The Shining One

Shops:
D:2 [   D:3 ?   D:4 :   D:7 (

Annotations:
D:3 1 runed translucent door, exclusion: door, Crazy Yiuf, Sigmund
D:8 3 runed translucent doors


Innate Abilities, Weirdness & Mutations

You have a pair of horns on your head.
You reflexively headbutt those who attack you in melee.


Message History

The bolt of electricity hits you!
You start resting.
An electric eel is nearby!
An electric eel is nearby!
You start resting.
An electric eel is nearby!
You start resting.
HP restored.
The electric eel shoots out a bolt of lightning at you!
The bolt of electricity hits you.
The electric eel shoots out a bolt of lightning at you!
The bolt of electricity hits you.
The electric eel shoots out a bolt of lightning at you!
The bolt of electricity misses you. The bolt of electricity hits you.
The electric eel shoots out a bolt of lightning at you!
The bolt of electricity hits you! x2
The electric eel shoots out a bolt of lightning at you!
The bolt of electricity hits you!
An electric eel comes into view.
You enter the shallow water.
Moving in this stuff is going to be slow.
The electric eel shoots out a bolt of lightning at you!
The bolt of electricity hits you!
You hear a bark!
The electric eel shoots out a bolt of lightning at you!
The bolt of electricity hits you!
* * * LOW HITPOINT WARNING * * *
The electric eel shoots out a bolt of lightning at you!
The bolt of electricity misses you.
The electric eel shoots out a bolt of lightning at you!
The bolt of electricity hits you.
* * * LOW HITPOINT WARNING * * *
The electric eel shoots out a bolt of lightning at you!
The bolt of electricity hits you!
* * * LOW HITPOINT WARNING * * *
The electric eel shoots out a bolt of lightning at you!
The bolt of electricity hits you.
* * * LOW HITPOINT WARNING * * *
The bolt of electricity hits you!
You die...

.~~~≈.≈~[~..~≈≈≈≈~..#
≈.≈≈≈~~≈≈~~~.≈~~~...#
~~~~≈≈≈≈≈≈≈~~.~.?...#
~..~~≈≈≈≈≈≈~~..~....#
....≈≈≈≈S~~.........##
...~~≈~~S~...........#
.....##.#..........#.#
... #.#...#####.##.##
. #@..............#
###########.##..#
#......#.....##
#.####........#
##.##########..#
#...#[....###..#
##.###.....#...)†
#....'.....#####.
######..###.....# #)


You could see 2 electric eels.

Vanquished Creatures
  A troll (D:8)
  Grinder (D:4)
  A water moccasin (D:7)
  An ice beast (D:8)
  3 black bears
  3 wolves (D:8)
  3 centaurs
  A phantom (D:6)
  A bullfrog (D:7)
  A scorpion (D:5)
  12 wights
  4 killer bees (D:8)
  4 hounds
  A jelly (D:4)
  3 orc priests
  2 gnoll boudas
  Jessica (D:3)
  2 sleepcaps
  Ijyb (D:2)
  3 iguanas
  6 orc wizards
  Robin (D:3)
  15 gnolls
  7 adders
  A shadow imp (D:7)
  2 white imps
  An ufetubus (D:7)
  A worm (D:2)
  2 dart slugs
  23 orcs
  6 ball pythons
  3 bats
  7 endoplasms
  3 giant cockroaches (D:1)
  13 hobgoblins
  8 jackals (D:3)
  A quokka (D:2)
  6 frilled lizards
  10 goblins
  5 kobolds
  6 rats
176 creatures vanquished.

Notes
Turn   | Place    | Note
-------+----------+-------------------------------------------
     0 | D:1      | Joey1 the Minotaur Berserker began the quest for the Orb.
     0 | D:1      | Reached XP level 1. HP: 19/19 MP: 0/0
   235 | D:1      | Reached XP level 2. HP: 26/27 MP: 1/1
   651 | D:2      | Found a faded altar of an unknown god.
   685 | D:2      | Found Midoppa's Armour Shoppe.
   699 | D:2      | Reached skill level 4 in Axes
   910 | D:2      | Reached ** piety under Trog
   939 | D:2      | Reached XP level 3. HP: 29/33 MP: 2/2
  1309 | D:2      | Reached XP level 4. HP: 36/41 MP: 3/3
  1687 | D:3      | Found a glowing golden altar of the Shining One.
  1698 | D:3      | Noticed Ijyb
  1699 | D:3      | Noticed Jessica
  1751 | D:3      | Found Joti's Magic Scroll Shoppe.
  1754 | D:3      | Bought a scroll of identify for 26 gold pieces
  1918 | D:2      | Killed Ijyb
  2109 | D:3      | Reached skill level 5 in Fighting
  2109 | D:3      | Reached skill level 5 in Axes
  2109 | D:3      | Reached XP level 5. HP: 21/48 MP: 4/4
  2293 | D:3      | Found a runed translucent door.
  2294 | D:3      | Noticed Crazy Yiuf
  2294 | D:3      | Noticed Sigmund
  2382 | D:3      | Noticed Robin
  2392 | D:3      | Killed Robin
  2392 | D:3      | Reached *** piety under Trog
  2537 | D:3      | Killed Jessica
  2558 | D:3      | You fall into a shaft and drop 3 floors!
  2581 | D:6      | Found a shadowy altar of Dithmenos.
  2651 | D:5      | Entered Level 5 of the Dungeon
  2651 | D:5      | Found a sparkling altar of Nemelex Xobeh.
  2657 | D:5      | Reached XP level 6. HP: 49/56 MP: 5/5
  2719 | D:5      | Reached skill level 6 in Axes
  2908 | D:4      | Found Durucre Kola's Vocational Training.
  2999 | D:4      | Reached skill level 5 in Dodging
  3038 | D:4      | Found a staircase to the Ecumenical Temple.
  3117 | D:4      | Noticed Grinder
  3126 | D:4      | Killed Grinder
  3127 | D:4      | Reached skill level 7 in Axes
  3127 | D:4      | Reached XP level 7. HP: 55/61 MP: 6/6
  3135 | D:4      | Identified the +5 ring mail "Nita Tui" {Rampage rPois
                  | Int+2}
  3210 | D:2      | Bought the +0 hat of the Other Side {rPois Str+2 Int-4} for
                  | 121 gold pieces
  3212 | D:2      | Bought a +0 cloak for 49 gold pieces
  3293 | D:3      | Found a shimmering blue altar of Sif Muna.
  3326 | D:3      | Reached skill level 8 in Axes
  4078 | D:5      | Found a sacrificial altar of Ru.
  4123 | D:5      | Reached skill level 9 in Axes
  4413 | D:6      | Reached skill level 10 in Axes
  4413 | D:6      | Reached XP level 8. HP: 67/68 MP: 7/7
  4745 | D:6      | Reached skill level 11 in Axes
  5409 | D:3      | Bought a scroll of enchant armour for 97 gold pieces
  5513 | D:7      | Reached skill level 12 in Axes
  6009 | D:7      | Reached XP level 9. HP: 68/74 MP: 8/8
  6042 | D:7      | Found Qeutwekk's Antique Weapon Boutique.
  6089 | D:7      | Reached skill level 13 in Axes
  6218 | D:8      | Found an ancient bone altar of Kikubaaqudgha.
  6219 | D:8      | Found a glowing silver altar of Zin.
  6412 | D:8      | Reached **** piety under Trog
  6417 | D:8      | Reached skill level 14 in Axes
  6452 | D:8      | Noticed a troll
  6453 | D:8      | Found a staircase to the Lair.
  6665 | D:8      | Found a runed translucent gate.
  6665 | D:8      | Found a runed translucent gate.
  6666 | D:8      | Found a runed translucent gate.
  6667 | D:8      | Noticed a brown ugly thing
  6668 | D:8      | Noticed a red ugly thing
  6668 | D:8      | Noticed a white ugly thing
  6669 | D:8      | Noticed a cyan ugly thing
  6670 | D:8      | Noticed a purple ugly thing
  6863 | D:8      | Killed a troll
  7060 | D:8      | HP: 4/82 [electric eel/bolt of electricity (5)]
  7060 | D:8      | Killed from afar by an electric eel

Illustrated notes

Levels and vault maps discovered:
D:1:      shiori_arrival_maze, layout_basic, serial_park_tiny_pond
D:2:      layout_loops_cross, nicolae_ecumenical_pavilion, serial_shops, shop,
          kennysheep_cluttered_room, minmay_crystal_water
D:3:      layout_rooms, mainiacjoe_overflow_alcove_4,
          mainiacjoe_overflow_concentric_impassable, serial_shops, shop,
          hangedman_abyss_or_decor_stabs, uniq_crazy_yiuf_cottage, uniq_sigmund,
          uniq_jessica, uniq_robin, uniq_ijyb
D:4:      layout_basic, lemuel_temple_firewalk_b, nicolae_shop_vocational,
          uniq_grinder
D:5:      layout_rooms, mainiacjoe_overflow_surrounded_room,
          nicolae_ru_sacrificial_ziggurat, st_stairs_1
D:6:      layout_layer_cave, kennysheep_mini_moat
D:7:      layout_basic, serial_shops, nicolae_shop_dealshenge,
          chequers_serial_rivers_small_a
D:8:      layout_basic, lemuel_crystal_altar, gammafunk_temple_overflow_statue,
          erik_lair_island, ploomutoo_gammafunk_ghost_potion_laboratory

Skill      XL: |  1  2  3  4  5  6  7  8  9 |
---------------+----------------------------+-----
Axes           | 4 5 7 10 12 14 | 14.0
Fighting       | 4 5 8 |  8.6
Armour         | 3 |  3.0
Dodging        | 3 4 5 |  5.0

Action                     |  1- 3 |  4- 6 |  7- 9 || total
---------------------------+-------+-------+-------++-------
  Melee: Hand axe          |    59 |   116 |   241 ||   416
         Headbutt          |     9 |    26 |    53 ||    88
         Punch             |     1 |     1 |     2 ||     4
         Unarmed           |       |       |    12 ||    12
 Invoke: Berserk           |     1 |     2 |     3 ||     6
         Trog's Hand       |       |     3 |     3 ||     6
    Use: Scroll            |       |     9 |     1 ||    10
   Stab: Sleeping          |     1 |     2 |       ||     3
         Confused          |       |       |     1 ||     1
 Armour: Animal skin       |    10 |       |       ||    10
         Leather armour    |    24 |    66 |       ||    90
         Ring mail         |       |       |   127 ||   127
         Skin              |       |       |     4 ||     4
  Dodge: Dodged            |    39 |    86 |   148 ||   273
  Block: Other             |       |       |    35 ||    35

Table legend: (Time is in decaauts)
 A = Elapsed time spent in this place.
 B = Non-inter-level travel time spent in this place.
 C = Inter-level travel time spent in this place.
 D = Time resting spent in this place.
 E = Time spent auto-exploring this place.
 F = Levels seen in this place.
 G = Mean time per level.
                   A        B        C        D        E       F      G
               +--------+--------+--------+--------+--------+-----+--------+
         Total |   7088 |   6464 |    624 |    959 |   3841 |   8 |  886.0 |
       Dungeon |   7088 |   6464 |    624 |    959 |   3841 |   8 |  886.0 |
               +--------+--------+--------+--------+--------+-----+--------+

Top non-repeatable levels by time:
     D:2: 1207 daAuts
     D:6: 1089 daAuts
     D:3: 999 daAuts
     D:4: 889 daAuts
     D:7: 873 daAuts
     D:1: 799 daAuts
     D:8: 675 daAuts
     D:5: 555 daAuts
